 Dungeon Crawl Stone Soup version 0.28.0-43-g3370ac3207 (webtiles) character file.

Game seed: 5915652467019718965

75268 mortz the Eclecticist (level 15, -1/74 HPs)
             Began as a Deep Elf Conjurer on Mar 24, 2022.
             Was a High Priest of Vehumet.
             Shot with a bolt by an orc knight (12 damage)
             ... on level 2 of the Orcish Mines on Mar 27, 2022.
             The game lasted 05:00:25 (32104 turns).

mortz the Eclecticist (Deep Elf Conjurer)          Turns: 32104, Time: 05:00:25

Health: -1/74      AC: 19    Str: 11    XL:     15   Next: 9%
Magic:  16/41      EV: 10    Int: 35    God:    Vehumet [*****.]
Gold:   1526       SH:  0    Dex: 13    Spells: 2/55 levels left

rFire   + . .      SeeInvis .   C - staff of air {!astaff}
rCold   . . .      Faith    .   (no shield)
rNeg    . . .      Spirit   .   L - +4 scale mail {rF+}
rPois   .          Reflect  .   l - +0 helmet of the Unseen Realm {Str+3 Int+2}
rElec   +          Harm     .   A - +1 cloak
rCorr   .          Rampage  .   X - +0 pair of gloves
Will    +....      Archmagi +   I - +2 pair of boots
Stlth   ++........              (no amulet)
HPRegen 0.22/turn               t - +6 ring of intelligence
MPRegen 0.27/turn               T - ring of the Mage {Wiz Archmagi}

@: no status effects
A: no striking features
a: Renounce Religion


You were on level 2 of the Orcish Mines.
You worshipped Vehumet.
Vehumet was extremely pleased with you.
You visited 4 branches of the dungeon, and saw 21 of its levels.

You collected 1526 gold pieces.


   Skills:
 + Level 1.3 Fighting
 + Level 2.3 Short Blades
 + Level 3.0 Staves
 + Level 5.1 Armour
 + Level 5.5 Dodging
 + Level 5.2 Stealth
 + Level 20.7 Spellcasting
 + Level 13.4 Conjurations
 + Level 4.2 Translocations
 + Level 5.1 Transmutations
 + Level 6.9 Fire Magic
 + Level 2.5 Ice Magic
 + Level 10.7 Air Magic
 + Level 8.0 Poison Magic
 + Level 2.2 Invocations
 + Level 0.6 Evocations


You had 2 spell levels left.
You knew the following spells:

 Your Spells              Type           Power      Damage    Failure   Level
a - Magic Dart            Conj           100%       1d8       0%          1
b - Fireball              Conj/Fire      51%        3d20      1%          5
c - Mephitic Cloud        Conj/Pois/Air  100%       N/A       1%          3
d - Ignite Poison         Fire/Tmut/Pois 90%        N/A       1%          3
e - Iskenderun's Mystic   Conj/Tloc      98%        2d19      1%          4
f - Scorch                Fire           100%       2d10      1%          2
g - Freezing Cloud        Conj/Ice/Air   61%        6-21      1%          5
h - Airstrike             Air            64%        N/A       1%          4
i - Conjure Flame         Conj/Fire      100%       6-21      1%          3
j - Sticky Flame          Conj/Fire      100%       2d11      1%          4
k - Irradiate             Conj/Tmut      50%        3d30      1%          5
l - Yara's Violent Unrav  Hex/Tmut       34%        3d14      4%          5
m - Flame Wave            Conj/Fire      100%       2d17      1%          4
n - Iskenderun's Battles  Conj           100%       2d15      1%          5

Your spell library contained the following spells:

 Spells                   Type           Power      Damage    Failure   Level
 Lightning Bolt           Conj/Air       67%        1d91      1%          5
 Beastly Appendage        Tmut           100%       N/A       1%          1
 Shock                    Conj/Air       100%       1d9       1%          1
 Summon Small Mammal      Summ           100%       N/A       1%          1
 Corpse Rot               Necr/Air       100%       N/A       1%          2
 Poisonous Vapours        Pois/Air       100%       N/A       1%          2
 Searing Ray              Conj           100%       2d8       1%          2
 Wereblood                Tmut           83%        N/A       1%          2
 Sublimation of Blood     Necr           53%        N/A       2%          2
 Dazzling Flash           Conj/Hex       100%       N/A       1%          3
 Ozocubu's Armour         Ice            69%        N/A       1%          3
 Spider Form              Tmut/Pois      89%        N/A       1%          3
 Swiftness                Air            100%       N/A       1%          3
 Fulminant Prism          Conj/Hex       45%        3d21      1%          4
 Olgreb's Toxic Radiance  Pois           96%        N/A       1%          4
 Conjure Ball Lightning   Conj/Air       67%        3x3d25    1%          6
 Orb of Destruction       Conj           57%        9d14      1%          7
 Portal Projectile        Hex/Tloc       100%       N/A       2%          3
 Passage of Golubria      Tloc           78%        N/A       3%          4
 Call Canine Familiar     Summ           53%        N/A       5%          3
 Summon Guardian Golem    Hex/Summ       53%        N/A       5%          3
 Tukima's Dance           Hex            53%        N/A       5%          3
 Eringya's Noxious Bog    Tmut/Pois      44%        N/A       5%          6
 Petrify                  Tmut/Erth      69%        N/A       6%          4
 Blade Hands              Tmut           41%        N/A       6%          5
 Summon Forest            Summ/Tloc      33%        N/A       21%         5
 Excruciating Wounds      Necr           26%        N/A       41%         5
 Ozocubu's Refrigeration  Ice            34%        4d11      69%         7
 Ignition                 Fire           45%        3d13      77%         8
 Summon Hydra             Summ           26%        N/A       100%        7

Inventory:

Hand Weapons
 h - the +2 scimitar of Gloom {flame, rC+ Will+ Dex-2 Stlth+, long}
   (You found it on level 1 of the Lair of Beasts)

   It burns those it strikes, dealing additional fire damage.
   Big, fiery blades are also staple armaments of hydra-hunters.
   Dex:       It affects your dexterity (-2).
   rC:        It protects you from cold.
   Will:      It increases your willpower.
   Stlth:     It makes you more stealthy.
 i - the +0 quarterstaff of the Inferno {vorpal, rC+ Str+6, staff}
   (You found it on level 5 of the Dungeon)

   It inflicts extra damage upon your enemies.
   Str:       It affects your strength (+6).
   rC:        It protects you from cold.
 q - the +7 great mace "Firestarter" {inner flame, rF++, mace}
   (You found it on level 3 of the Lair of Beasts)

   It burns those it strikes, dealing additional fire damage.
   It fills those it strikes with an explosive inner flame.
   It grants immunity to clouds of flame.
   rF:        It greatly protects you from fire.
 z - the +8 demon blade "Leech" {vamp, Harm Drain rN+, long}
   (You found it on level 4 of the Lair of Beasts)

   It heals its wielder for a portion of the damage dealt every time it strikes
   a living foe.
   rN:        It protects you from negative energy.
   Drain:     It drains your maximum health when unequipped.
   Harm:      It increases damage dealt and taken.
 K - the +8 frozen axe "Frostbite" {freezing cloud, *Noise Fly rC+}
   (You found it on level 7 of the Dungeon)

   It freezes those it strikes, dealing additional cold damage.
   It can also slow down cold-blooded creatures.
   It occasionally leaves clouds of freezing vapour upon striking a foe.
   It grants immunity to clouds of freezing vapour.
   rC:        It protects you from cold.
   Fly:       It grants you flight.
   *Noise:    It may make noises in combat.
 P - a +1 eveningstar of draining {macerare=g}
   (You took it off Urug on level 12 of the Dungeon)
Armour
 b - the +4 ring mail of Cheibriados's Regard {rF+ Str+5}
   (You found it on level 11 of the Dungeon)

   Str:       It affects your strength (+5).
   rF:        It protects you from fire.
 l - the +0 helmet of the Unseen Realm (worn) {Str+3 Int+2}
   (You found it on level 2 of the Dungeon)

   Str:       It affects your strength (+3).
   Int:       It affects your intelligence (+2).
 A - a +1 cloak (worn)
   (You found it on level 6 of the Dungeon)
 I - a +2 pair of boots (worn)
   (You found it on level 4 of the Lair of Beasts)
 L - a +4 scale mail of fire resistance (worn)
   (You took it off Urug on level 12 of the Dungeon)
 X - a +0 pair of gloves (worn)
   (You found it on level 10 of the Dungeon)
Magical Staves
 C - a staff of air (weapon) {!astaff}
   (You found it on level 5 of the Lair of Beasts)
 M - a staff of cold {!astaff}
   (You found it on level 10 of the Dungeon)
Jewellery
 e - a ring of protection from fire
   (You found it on level 6 of the Lair of Beasts)
 p - a ring of protection from cold
   (You found it on level 4 of the Dungeon)
 s - a ring of positive energy
   (You found it on level 3 of the Dungeon)
 t - a +6 ring of intelligence (left hand)
   (You found it on level 3 of the Dungeon)
 D - a ring of resist corrosion
   (You found it on level 6 of the Lair of Beasts)
 N - a ring of poison resistance
   (You found it on level 8 of the Dungeon)
 T - the ring of the Mage (right hand) {Wiz Archmagi}
   (You found it on level 4 of the Lair of Beasts)

   [ring of wizardry]

   It improves your spell success rate.
   Archmagi:  It increases the power of your magical spells.
Wands
 v - a wand of flame (10)
   (You found it on level 2 of the Lair of Beasts)
 w - a wand of charming (18)
   (You found it on level 6 of the Dungeon)
 x - a wand of digging (8)
   (You found it on level 4 of the Dungeon)
 y - a wand of iceblast (18)
   (You found it on level 8 of the Dungeon)
 G - a wand of polymorph (5)
   (You took it off Maurice on level 11 of the Dungeon)
 R - a wand of paralysis (6)
   (You took it off a kobold brigand on level 9 of the Dungeon)
 Z - a wand of acid (7)
   (You found it on level 2 of the Lair of Beasts)
Scrolls
 a - 3 scrolls of enchant weapon
 o - 4 scrolls of magic mapping {!r}
 r - 3 scrolls of teleportation {@r4}
 u - a scroll of blinking {unknown}
 H - 2 scrolls of fear
 U - 3 scrolls of holy word
 W - a scroll of vulnerability {unknown}
Potions
 f - 5 potions of curing {@q1}
 g - a potion of mutation {!q}
 j - 3 potions of might {unknown}
 k - 6 potions of haste {@q3}
 m - 3 potions of brilliance
 n - 3 potions of invisibility
 B - 2 potions of magic {unknown}
 E - 2 potions of ambrosia {unknown}
 J - a potion of heal wounds {unknown}
 Q - a potion of degeneration {unknown}
 S - a potion of attraction {unknown}
 V - a potion of cancellation {unknown}
Miscellaneous
 c - a box of beasts
   (You found it on level 3 of the Lair of Beasts)
 F - a phial of floods
   (You found it on level 6 of the Lair of Beasts)
 O - a tin of tremorstones (2/2) {throwing}
   (You found it on level 9 of the Dungeon)
 Y - a phantom mirror
   (You found it on level 4 of the Lair of Beasts)

Dungeon Overview and Level Annotations

Branches:
Dungeon (12/15)            Temple (1/1) D:5            Lair (6/6) D:10
 Shoals (0/4) Lair:3       Spider (0/4) Lair:4        Slime (0/5) Lair:6
    Orc (1/2) D:9

Altars:
Ashenzari
Cheibriados
Dithmenos
Elyvilon
Fedhas
Gozag
Hepliaklqana
Kikubaaqudgha
Makhleb
Nemelex Xobeh
Okawaru
Qazlal
Ru
Sif Muna
Trog
Uskayaw
Vehumet
Wu Jian
Xom
Yredelemnul
Zin
The Shining One
Beogh
Jiyva

Portals:
Trove: D:10 (give +5 demon whip)

Annotations:
D:6 Pikel
Lair:1 3 runed translucent doors, ndowd's ghost, journeyman DrTm
Lair:2 exclusion: oklob plant
Lair:5 3 runed translucent doors, SuperSeabass's ghost, journeyman MiBe

##≈≈≈ ......o ..≈≈≈
#≈≈≈....o.. ..≈≈
#≈≈.. .... ..
##...###...##..##..#
..........o........
.........)........
#.........#.#####
##*#..#....##
#.@)......##
#...#.#.###
##.###### ###


You could see an orc knight and a friendly battlesphere.


Message History

You kill the centaur!
Vehumet accepts your kill.
The orc warrior shoots a bolt.
The bolt closely misses you.
You hear a shout! 😨 MP[-5]
You lost 5 mp, and now have 25/41 mp.
Casting: Freezing Cloud (dangerous; 1% risk of failure)
Confirm with . or Enter, or press ? or * to list all spells.
You feel a surge of power!
You conjure a globe of magical energy.
The orc warrior shoots a bolt.
The bolt hits you!
* * * LOW HITPOINT WARNING * * *
😱 HP[-12] MP[-5]
You take 12 damage, and now have 7/74 hp.
You lost 5 mp, and now have 20/41 mp.
Aiming: Magic Dart (safe; 0% risk of failure)
Press: ? - help, Q - select action, (/) - cycle Shift-Dir - straight line, f - orc warrior
Aim: an orc warrior, wielding a +0 arbalest and quivering bolts (lightly wounded, 100% to hit)
You feel a surge of power!
The magic dart hits the orc warrior!
Your battlesphere fires!
The barrage of energy hits the orc warrior!
The orc warrior shoots a bolt.
The bolt hits you but does no damage.
Aiming: Magic Dart (safe; 0% risk of failure)
Press: ? - help, Q - select action, (/) - cycle Shift-Dir - straight line, f/p - orc warrior
Aim: an orc warrior, wielding a +0 arbalest and quivering bolts (almost dead, ally target, 100% to hit)
You feel a surge of power!
The magic dart hits the orc warrior.
Your battlesphere fires!
The barrage of energy hits the orc warrior!!
You kill the orc warrior!
Vehumet accepts your kill.
You feel your power returning.
You start resting.
A centaur comes into view.
An orc knight comes into view.
It is wielding a +0 great mace. 😱 HP[+1] MP[+1]
You feel better.
The centaur wields a +0 shortbow.
The centaur shoots an arrow.
The arrow hits you!
* * * LOW HITPOINT WARNING * * *
The orc knight unwields a +0 great mace.
The orc knight wields a +0 arbalest.
The orc knight shoots a bolt.
The bolt barely misses you.
Okay, then.
As you read the scroll of fog, it crumbles to dust.
The scroll dissolves into smoke.
The centaur shoots an arrow.
The arrow hits you but does no damage.
The orc knight shoots a bolt.
The bolt completely misses you.
As you read the scroll of teleportation {@r4}, it crumbles to dust.
You feel strangely unstable.
A bolt appears from out of your range of vision.
The bolt barely misses your battlesphere. 😱 MP[+1]
A centaur comes into view.
Your surroundings suddenly seem different.
An orc comes into view. It is wielding a +0 war axe.
The orc shouts!
You hear a shout!
An orc comes into view. It is wielding a +0 mace.
An orc warrior comes into view. It is wielding a +0 glaive.
An orc knight comes into view. It is wielding a +0 broad axe.
An orc warrior comes into view. It is wielding a +0 war axe.
The centaur moves out of view. 😱 HP[+1] 😱 MP[+1] 😱 HP[+1] 😱 MP[+1]
The orc knight roars a battlecry!
The orcs go into a battle-frenzy!
You hear a shout!
Casting: Magic Dart (safe; 0% risk of failure)
Confirm with . or Enter, or press ? or * to list all spells.
You feel a surge of power!
You conjure a globe of magical energy.
The orc knight roars a battlecry! 😱 MP[-5]
You lost 5 mp, and now have 19/41 mp.
Aiming: Magic Dart (safe; 0% risk of failure)
Press: ? - help, Q - select action, (/) - cycle Shift-Dir - straight line, f - orc
Aim: an orc, wielding a +0 war axe and wearing a +0 leather armour (strong, 100% to hit)
You feel a surge of power!
The magic dart hits the orc.
Your battlesphere fires!
The barrage of energy hits the orc!!
You kill the orc!
Vehumet accepts your kill.
You feel your power returning.
The orc knight unwields a +0 broad axe.
The orc knight wields a +0 arbalest.
The orc knight shoots a bolt.
The bolt hits you but does no damage. 😱 HP[+1]
Aiming: Magic Dart (safe; 0% risk of failure)
Press: ? - help, Q - select action, (/) - cycle Shift-Dir - straight line, f/p - orc
Aim: an orc, wielding a +0 war axe and wearing a +0 leather armour (moderately wounded, strong, 100% to hit)
You feel a surge of power!
The magic dart hits the orc.
Your battlesphere fires!
The barrage of energy hits the orc knight!!
Casting: Magic Dart (safe; 0% risk of failure)
Confirm with . or Enter, or press ? or * to list all spells.
You feel a surge of power!
You erupt in a blast of force!
The mystic blast hits the orc!!
You kill the orc!
Vehumet accepts your kill.
You feel your power returning.
You hear a shout!
The orc knight shoots a bolt.
The bolt hits you!
You die...

Skill      XL: |  1  2  3  4  5  6  7  8  9 10 11 12 13 14 |
---------------+-------------------------------------------+-----
Conjurations   | 5 6 8 9 10 11 12 13 | 13.4
Spellcasting   | 4 5 6 7 9 11 12 14 16 18 20 | 20.7
Short Blades   | 1 2 |  2.3
Armour         | 1 2 3 4 5 |  5.1
Stealth        | 3 4 5 |  5.2
Invocations    | 1 2 |  2.2
Staves         | 1 2 3 |  3.0
Poison Magic   | 1 3 5 6 7 8 |  8.0
Transmutations | 1 2 3 4 5 |  5.1
Fire Magic     | 1 2 3 5 6 |  6.9
Air Magic      | 2 3 4 6 8 10 | 10.7
Dodging        | 3 4 5 |  5.5
Translocations | 1 3 4 |  4.2
Fighting       | 1 |  1.3
Ice Magic      | 1 2 |  2.5
Evocations     | |  0.6

Action                   |  1- 3 |  4- 6 |  7- 9 | 10-12 | 13-15 || total
-------------------------+-------+-------+-------+-------+-------++-------
Melee: Club              |     1 |       |       |       |       ||     1
       Quarterstaff      |       |       |    16 |    10 |    14 ||    40
       Staff             |       |       |       |       |     3 ||     3
 Cast: Magic Dart        |    53 |    44 |    56 |   145 |   131 ||   429
       Searing Ray       |    14 |    21 |    59 |    84 |    25 ||   203
       Mephitic Cloud    |       |       |    17 |    77 |    25 ||   119
       Ignite Poison     |       |       |    10 |    61 |    13 ||    84
       Iskenderun's Myst |       |       |     7 |    79 |    46 ||   132
       Airstrike         |       |       |       |    26 |   201 ||   227
       Freezing Cloud    |       |       |       |     4 |    67 ||    71
       Scorch            |       |       |       |    17 |    16 ||    33
       Sticky Flame      |       |       |       |    12 |    40 ||    52
       Conjure Flame     |       |       |       |       |     3 ||     3
       Iskenderun's Batt |       |       |       |       |    17 ||    17
       Flame Wave        |       |       |       |       |     3 ||     3
       Fireball          |       |       |       |       |     1 ||     1
Evoke: Wand              |       |       |       |       |    11 ||    11
  Use: Scroll            |       |     5 |     4 |     7 |     9 ||    25
       Potion            |       |       |       |     1 |     2 ||     3
Armor: Leather armour    |     5 |       |    16 |     3 |       ||    24
       Acid dragon scale |       |       |       |    76 |    50 ||   126
       Ring mail         |       |       |       |       |     9 ||     9
       Scale mail        |       |       |       |       |    15 ||    15
Dodge: Dodged            |     6 |     7 |    32 |    79 |    96 ||   220

Levels and vault maps discovered:
D:1:      nzn_arrival_settlement, layout_loops_cross,
          shapermc_ecumenical_altar_venn
D:2:      layout_basic, corner_web_ring
D:3:      layout_loops_ring, mainiacjoe_overflow_six_doors_small,
          minmay_tree_intersection, kennysheep_orc_chapel
D:4:      layout_basic, lemuel_tele_altar, minivault_25,
          chequers_serial_rivers_micro_d, minivault_27
D:5:      layout_gridville, minmay_temple_entry_waves
D:6:      layout_loops_cross, mainiacjoe_overflow_24_doors,
          grunt_temple_overflow_open, uniq_pikel
D:7:      layout_loops_cross
D:8:      layout_gridville
D:9:      layout_cave_pools, nzn_wu_jian_contemplation, erik_orc_3,
          minmay_diced_spiral
D:10:     layout_grid_maze, lair_entry_dummy, enter_trove_3, hex_medium,
          hangedman_abyss_or_decor_lesser_grid, uniq_fannar
D:11:     layout_loops_cross, uniq_grum, uniq_maurice
D:12:     cheibrodos_ideogram_h, layout_loops_cross, uniq_urug, uniq_sonja
Temple:   oiseaux_autumnal_temple
Lair:1:   layout_regular_city, maelrawn_ghost_gauntlet_escape,
          infiniplex_staircase_pool_2, serial_bayou_shore_b,
          serial_bayou_shore_b
Lair:2:   layout_long_grid, tgw_fedhas
Lair:3:   nzn_winding_woodlands_stair_trap [nzn_winding_woodlands_5x15_eye,
          nzn_winding_woodlands_5x15_default,
          nzn_winding_woodlands_5x15_default,
          nzn_winding_woodlands_15x15_five_gardens,
          nzn_winding_woodlands_5x15_concentric,
          nzn_winding_woodlands_5x15_parted, nzn_winding_woodlands_5x15_twine],
          layout_regular_city, elwin_shoals_entry_rocks
Lair:4:   layout_cave_pods, hellmonk_spider_entry_not_the_bees,
          minmay_lindwurm_lava, grunt_megastairs_2
Lair:5:   layout_hall_layers, gammafunk_ghost_necromancy
Lair:6:   guppyfry_lair_end_dragon, layout_cellular_growth,
          dpeg_slime_entry_enclosed_altar
Orc:1:    layout_diamond_mine, nicolae_orc_rockfall, uniq_josephine
Orc:2:    st_orc_rangers, layout_caves, serial_shops, shop, minmay_orc_barracks

Notes
Turn   | Place    | Note
-------+----------+-------------------------------------------
     0 | D:1      | mortz the Deep Elf Conjurer began the quest for the Orb.
     0 | D:1      | Reached XP level 1. HP: 10/10 MP: 6/6
     0 | D:1      | magus.rc [v1.9.6]
   246 | D:1      | You fall into a shaft and drop 1 floor!
   280 | D:2      | Reached XP level 2. HP: 15/15 MP: 2/8
   285 | D:2      | Learned a level 2 spell: Searing Ray
   420 | D:2      | You add the spells Tukima's Dance, Passage of Golubria and
                  | Yara's Violent Unravelling to your library.
   507 | D:2      | Reached skill level 5 in Conjurations
   554 | D:2      | Identified the +0 helmet of the Unseen Realm {Str+3 Int+2}
   666 | D:1      | Found a faded altar of an unknown god.
   839 | D:1      | Reached XP level 3. HP: 19/19 MP: 8/10
  2009 | D:3      | Reached skill level 4 in Spellcasting
  2009 | D:3      | Reached XP level 4. HP: 24/24 MP: 3/12
  2009 | D:3      | You add the spells Ignite Poison, Mephitic Cloud and
                  | Freezing Cloud to your library.
  2199 | D:3      | You add the spells Ozocubu's Armour and Ozocubu's
                  | Refrigeration to your library.
  2204 | D:3      | Learned a level 3 spell: Mephitic Cloud
  2208 | D:3      | Learned a level 3 spell: Ignite Poison
  2292 | D:3      | You pick up a book of Changes and begin reading...
  2292 | D:3      | You add the spells Beastly Appendage, Wereblood and Spider
                  | Form to your library.
  2411 | D:3      | Reached skill level 1 in Short Blades
  2411 | D:3      | Reached XP level 5. HP: 28/28 MP: 9/14
  2413 | D:3      | Reached skill level 5 in Spellcasting
  2888 | D:3      | You add the spells Summon Forest, Eringya's Noxious Bog and
                  | Summon Hydra to your library.
  3063 | D:3      | Found a shimmering blue altar of Sif Muna.
  3171 | D:4      | Reached skill level 2 in Short Blades
  3171 | D:4      | Reached skill level 6 in Conjurations
  3413 | D:4      | Found a broken altar of Ashenzari.
  3435 | D:4      | Reached XP level 6. HP: 32/32 MP: 7/16
  3615 | D:4      | Reached skill level 1 in Armour
  3958 | D:4      | Noticed a wyvern
  3964 | D:4      | Killed a wyvern
  3965 | D:4      | Reached skill level 3 in Stealth
  3965 | D:4      | Reached skill level 6 in Spellcasting
  3965 | D:4      | Reached skill level 1 in Invocations
  4314 | D:5      | Entered Level 5 of the Dungeon
  4437 | D:5      | Reached XP level 7. HP: 36/36 MP: 12/18
  4472 | D:5      | Found a staircase to the Ecumenical Temple.
  4495 | Temple   | Entered the Ecumenical Temple
  4522 | Temple   | Became a worshipper of Vehumet
  4925 | D:5      | Reached skill level 2 in Armour
  4925 | D:5      | Reached skill level 2 in Invocations
  5056 | D:5      | Identified the +0 quarterstaff of the Inferno {vorpal, rC+
                  | Str+6}
  5333 | D:5      | Reached skill level 1 in Staves
  5333 | D:5      | Reached skill level 7 in Spellcasting
  5576 | D:6      | Found a sparkling altar of Nemelex Xobeh.
  5578 | D:6      | Found a basalt altar of Yredelemnul.
  5578 | D:6      | Found an iron altar of Okawaru.
  5580 | D:6      | Found an opulent altar of Gozag.
  5582 | D:6      | Found a blossoming altar of Fedhas.
  5597 | D:6      | Learned a level 4 spell: Iskenderun's Mystic Blast
  5617 | D:6      | Reached skill level 4 in Stealth
  5709 | D:6      | Reached XP level 8. HP: 41/41 MP: 10/20
  5770 | D:6      | Reached skill level 7 in Conjurations
  6111 | D:6      | Found a shadowy altar of Dithmenos.
  6260 | D:6      | Noticed Pikel
  6281 | D:6      | HP: 6/41 [Pikel/+0 whip of electrocution (8)]
  6594 | D:6      | magus.rc [v1.9.6]
  6594 | D:6      | magus.rc [v1.9.6]
  6714 | D:6      | Reached skill level 2 in Staves
  7419 | D:7      | Found the +8 frozen axe "Frostbite" {freezing cloud, *Noise
                  | Fly rC+}
  7459 | D:7      | Reached skill level 8 in Spellcasting
  7484 | D:7      | Reached * piety under Vehumet
  7484 | D:7      | Offered knowledge of Sandblast by Vehumet.
  7529 | D:7      | Reached skill level 1 in Poison Magic
  7564 | D:7      | Reached skill level 1 in Transmutations
  7576 | D:7      | Reached skill level 3 in Armour
  7618 | D:7      | Reached skill level 8 in Conjurations
  7645 | D:7      | Reached skill level 9 in Spellcasting
  7645 | D:7      | Reached XP level 9. HP: 20/45 MP: 2/24
  7866 | D:7      | Reached skill level 1 in Fire Magic
  7953 | D:7      | Noticed a five-headed hydra
  7959 | D:7      | Killed a five-headed hydra
  7960 | D:7      | Reached skill level 2 in Transmutations
  7960 | D:7      | Reached skill level 1 in Air Magic
  7960 | D:7      | Reached skill level 2 in Poison Magic
  8159 | D:7      | Reached skill level 10 in Spellcasting
  8215 | D:7      | Reached skill level 3 in Poison Magic
  8390 | D:7      | Reached skill level 5 in Stealth
  8670 | D:8      | Noticed a cyclops
  8724 | D:8      | Killed a cyclops
  8725 | D:8      | Reached skill level 3 in Dodging
  8725 | D:8      | Reached skill level 9 in Conjurations
  9082 | D:8      | Reached skill level 2 in Air Magic
  9650 | D:9      | Reached skill level 11 in Spellcasting
  9650 | D:9      | Reached XP level 10. HP: 50/50 MP: 16/27
  9952 | D:9      | Noticed a two-headed ogre
 10055 | D:8      | Killed a two-headed ogre
 10056 | D:8      | Reached skill level 2 in Fire Magic
 10147 | D:8      | Reached skill level 3 in Air Magic
 10240 | D:9      | Reached skill level 3 in Transmutations
 10440 | D:9      | Reached ** piety under Vehumet
 10440 | D:9      | Offered knowledge of Scorch by Vehumet.
 10442 | D:9      | Reached skill level 4 in Dodging
 10445 | D:9      | Learned a level 2 spell: Scorch
 10451 | D:9      | Learned a level 5 spell: Freezing Cloud
 10558 | D:9      | Found an ornate altar of the Wu Jian Council.
 10571 | D:9      | Reached skill level 4 in Poison Magic
 10699 | D:9      | magus.rc [v1.9.6]
 10760 | D:9      | Found a staircase to the Orcish Mines.
 10840 | D:9      | Paralysed by a kobold brigand for 2 turns
 11004 | D:9      | Reached skill level 12 in Spellcasting
 11005 | D:9      | Reached skill level 10 in Conjurations
 11168 | D:9      | You pick up a book of Air and begin reading...
 11168 | D:9      | You add the spells Shock, Swiftness and Airstrike to your
                  | library.
 11465 | D:10     | Entered Level 10 of the Dungeon
 11579 | D:10     | Noticed Fannar
 11589 | D:10     | Killed Fannar
 11590 | D:10     | Reached skill level 1 in Translocations
 11602 | D:10     | Learned a level 4 spell: Airstrike
 11804 | D:10     | Found a portal to a secret trove of treasure.
 11808 | D:10     | This trove needs a +5 demon whip to function. Give it the
                  | item?
 11896 | D:10     | Offered knowledge of Conjure Flame by Vehumet.
 11901 | D:10     | Learned a level 3 spell: Conjure Flame
 11924 | D:10     | Reached skill level 5 in Poison Magic
 12077 | D:10     | Found a staircase to the Lair.
 12515 | D:10     | magus.rc [v1.9.6]
 12589 | Lair:1   | Entered Level 1 of the Lair of Beasts
 12589 | Lair:1   | Noticed a black mamba
 12595 | Lair:1   | Killed a black mamba
 12596 | Lair:1   | Reached XP level 11. HP: 48/54 MP: 16/29
 12608 | D:10     | HP: 10/54 [poisoned by a black mamba]
 12825 | Lair:1   | HP: 13/54 [black mamba (2)]
 12827 | Lair:1   | HP: 6/54 [poisoned by a black mamba]
 13110 | Lair:1   | Identified the +2 scimitar of Gloom {flame, rC+ Will+ Dex-2
                  | Stlth+}
 13318 | Lair:1   | Found a runed translucent gate.
 13319 | Lair:1   | Found a runed translucent gate.
 13320 | Lair:1   | Found a runed translucent gate.
 13322 | Lair:1   | Noticed a five-headed hydra
 13332 | Lair:1   | Killed a five-headed hydra
 13333 | Lair:1   | Reached skill level 13 in Spellcasting
 13530 | Lair:1   | Reached *** piety under Vehumet
 13549 | Lair:1   | Reached skill level 3 in Fire Magic
 13831 | Lair:1   | Noticed a minotaur
 13850 | Lair:1   | Noticed a boulder beetle
 13860 | Lair:1   | Noticed ndowd's ghost (journeyman DrTm)
 14551 | Lair:2   | Reached skill level 2 in Translocations
 14942 | Lair:2   | Noticed a five-headed hydra
 15151 | Lair:2   | Killed a five-headed hydra
 15152 | Lair:2   | Reached skill level 4 in Armour
 15337 | Lair:1   | Reached skill level 4 in Transmutations
 15547 | Lair:2   | Reached skill level 14 in Spellcasting
 15552 | Lair:2   | Reached skill level 4 in Air Magic
 15860 | Lair:2   | Noticed a death yak
 15861 | Lair:2   | Noticed a death yak
 15863 | Lair:2   | Noticed a death yak
 15891 | Lair:1   | Killed a death yak
 15892 | Lair:1   | Reached skill level 11 in Conjurations
 16035 | Lair:2   | Noticed a death yak
 16035 | Lair:2   | Noticed a death yak
 16047 | Lair:1   | Killed a death yak
 16263 | Lair:2   | Found a blossoming altar of Fedhas.
 16280 | Lair:2   | Noticed an oklob plant
 16511 | Lair:2   | Killed a death yak
 16521 | Lair:1   | HP: 11/55 [death yak (7)]
 16845 | Lair:1   | Killed a death yak
 16957 | Lair:2   | Killed a death yak
 16958 | Lair:2   | Reached skill level 3 in Translocations
 16958 | Lair:2   | Reached skill level 6 in Poison Magic
 17082 | Lair:2   | Reached XP level 12. HP: 39/60 MP: 8/32
 17458 | Lair:2   | magus.rc [v1.9.6]
 17638 | Lair:3   | Offered knowledge of Sticky Flame by Vehumet.
 17708 | Lair:3   | Learned a level 4 spell: Sticky Flame
 17719 | Lair:3   | Noticed a boulder beetle
 17735 | Lair:3   | Killed a boulder beetle
 17736 | Lair:3   | Reached skill level 15 in Spellcasting
 17736 | Lair:3   | Reached skill level 5 in Air Magic
 17855 | Lair:3   | magus.rc [v1.9.6]
 17855 | Lair:3   | magus.rc [v1.9.6]
 17892 | Lair:3   | You pick up a book of Alchemy and begin reading...
 17892 | Lair:3   | You add the spells Sublimation of Blood, Petrify and
                  | Irradiate to your library.
 17899 | Lair:3   | Learned a level 5 spell: Irradiate
 17905 | Lair:3   | Learned a level 5 spell: Yara's Violent Unravelling
 18047 | Lair:3   | Noticed a six-headed hydra
 18052 | Lair:3   | Killed a six-headed hydra
 18313 | Lair:2   | Reached skill level 4 in Fire Magic
 18855 | Lair:3   | Noticed a death yak
 18984 | Lair:3   | Killed a death yak
 18997 | Lair:3   | Noticed an eight-headed hydra
 19006 | Lair:3   | Killed an eight-headed hydra
 19007 | Lair:3   | Reached skill level 5 in Fire Magic
 19007 | Lair:3   | Reached skill level 7 in Poison Magic
 19138 | Lair:3   | Found the +7 great mace "Firestarter" {inner flame, rF++}
 19158 | Lair:3   | You add the spells Olgreb's Toxic Radiance and Ignition to
                  | your library.
 19559 | Lair:3   | Reached skill level 16 in Spellcasting
 19559 | Lair:3   | Reached skill level 12 in Conjurations
 19646 | Lair:3   | Found a staircase to the Shoals.
 19711 | Lair:3   | Noticed a death yak
 19712 | Lair:3   | Noticed a death yak
 19713 | Lair:3   | Noticed a death yak
 19717 | Lair:3   | Noticed a death yak
 19721 | Lair:3   | Noticed a death yak
 19723 | Lair:3   | Noticed a death yak
 19747 | Lair:3   | Killed a death yak
 19901 | Lair:3   | Reached skill level 6 in Air Magic
 19915 | Lair:3   | Reached **** piety under Vehumet
 20217 | Lair:3   | Killed a death yak
 20218 | Lair:3   | Killed a death yak
 20219 | Lair:3   | Reached XP level 13. HP: 42/64 MP: 15/35
 20223 | Lair:3   | Offered knowledge of Flame Wave by Vehumet.
 20226 | Lair:3   | Reached skill level 1 in Fighting
 20338 | Lair:3   | Learned a level 4 spell: Flame Wave
 20416 | Lair:3   | magus.rc [v1.9.6]
 20423 | Lair:4   | Reached skill level 5 in Dodging
 20568 | Lair:4   | Reached skill level 6 in Fire Magic
 20655 | Lair:4   | Found a hole to the Spider Nest.
 21044 | Lair:4   | Reached skill level 1 in Ice Magic
 21177 | Lair:4   | Reached skill level 17 in Spellcasting
 21347 | Lair:4   | Reached skill level 3 in Staves
 21726 | Lair:4   | Reached skill level 7 in Air Magic
 22668 | Lair:4   | Found the +8 demon blade "Leech" {vamp, Harm Drain rN+}
 22672 | Lair:4   | Found the ring of the Mage {Wiz Archmagi}
 23047 | Lair:5   | Found a runed translucent gate.
 23047 | Lair:5   | Found a runed translucent gate.
 23047 | Lair:5   | Found a runed translucent gate.
 23301 | Lair:5   | Reached skill level 4 in Translocations
 23485 | Lair:5   | Reached skill level 8 in Air Magic
 23677 | Lair:5   | Reached skill level 18 in Spellcasting
 23761 | Lair:5   | Noticed SuperSeabass's ghost (journeyman MiBe)
 24415 | Lair:5   | You pick up a book of Vapours and begin reading...
 24415 | Lair:5   | You add the spells Poisonous Vapours and Corpse Rot to your
                  | library.
 24616 | Lair:5   | Reached ***** piety under Vehumet
 24618 | Lair:5   | Offered knowledge of Spellforged Servitor by Vehumet.
 24874 | Lair:6   | Entered Level 6 of the Lair of Beasts
 24973 | Lair:6   | You pick up a book of Callings and begin reading...
 24973 | Lair:6   | You add the spells Summon Small Mammal, Call Canine
                  | Familiar and Summon Guardian Golem to your library.
 25094 | Lair:6   | Reached XP level 14. HP: 70/70 MP: 30/38
 25772 | Lair:6   | Reached skill level 19 in Spellcasting
 25772 | Lair:6   | Reached skill level 9 in Air Magic
 25875 | Lair:6   | HP: 13/70 [komodo dragon (19)]
 26371 | Lair:6   | Reached skill level 13 in Conjurations
 26477 | Lair:6   | You pick up a book of Weapons and begin reading...
 26477 | Lair:6   | You add the spells Portal Projectile, Excruciating Wounds
                  | and Blade Hands to your library.
 26609 | Lair:5   | Reached skill level 2 in Ice Magic
 26804 | Lair:6   | Found a viscous altar of Jiyva.
 26804 | Lair:6   | Found a staircase to the Slime Pits.
 28369 | D:11     | Noticed Grum
 28373 | D:11     | Killed Grum
 28374 | D:11     | Reached skill level 10 in Air Magic
 28598 | D:11     | Reached skill level 5 in Armour
 28755 | D:11     | Noticed Maurice
 28789 | D:11     | Killed Maurice
 28790 | D:11     | Reached skill level 20 in Spellcasting
 28860 | D:11     | You pick up a book of the Spheres and begin reading...
 28860 | D:11     | You add the spells Iskenderun's Battlesphere, Fireball,
                  | Conjure Ball Lightning and Orb of Destruction to your
                  | library.
 28867 | D:11     | Learned a level 5 spell: Iskenderun's Battlesphere
 29341 | D:11     | Identified the +4 ring mail of Cheibriados's Regard {rF+
                  | Str+5}
 29634 | D:12     | Noticed Urug
 29642 | D:12     | Killed Urug
 29887 | D:12     | Reached skill level 8 in Poison Magic
 30157 | D:12     | a +4 scale mail of fire resistance; 7 javelins {throwing};
                  | a +1 eveningstar of draining {macerare=g}
 30160 | D:12     | a +4 scale mail of fire resistance; 7 javelins {throwing};
                  | a +1 eveningstar of draining {macerare=g}
 30169 | D:12     | L - a +1 eveningstar of draining {macerare=g}
 30170 | D:12     | You drop a +1 eveningstar of draining {macerare=g}.
 30204 | D:12     | Noticed Sonja
 30207 | D:12     | Killed Sonja
 30208 | D:12     | Reached skill level 5 in Transmutations
 30259 | D:12     | 7 javelins {throwing}; a +1 eveningstar of draining
                  | {macerare=g}
 30299 | D:12     | P - a +1 eveningstar of draining {macerare=g}
 31081 | D:12     | You drop a +1 eveningstar of draining {macerare=g}.
 31091 | D:12     | Learned a level 5 spell: Fireball
 31091 | D:12     | P - a +1 eveningstar of draining {macerare=g}
 31092 | D:12     | You drop a +1 eveningstar of draining {macerare=g}.
 31093 | D:12     | P - a +1 eveningstar of draining {macerare=g}
 31183 | D:12     | Reached XP level 15. HP: 74/74 MP: 17/41
 31767 | Orc:1    | Entered Level 1 of the Orcish Mines
 31774 | Orc:1    | Noticed Josephine
 31777 | Orc:1    | Killed Josephine
 31784 | Orc:1    | Offered knowledge of Lightning Bolt by Vehumet.
 32059 | Orc:1    | You fall into a shaft and drop 1 floor!
 32059 | Orc:2    | Entered Level 2 of the Orcish Mines
 32084 | Orc:2    | HP: 7/74 [orc warrior/bolt (13)]
 32089 | Orc:2    | HP: 8/74 [centaur/arrow (7)]
 32104 | Orc:2    | Shot with a bolt by an orc knight

Vanquished Creatures
  A fire dragon (Lair:6)
  Fannar (D:10)
  Josephine (Orc:1)
  11 hydras
  3 boulder beetles
  A centaur warrior (D:12)
  3 two-headed ogres
  18 death yaks
  Urug (D:12)
  Sonja (D:12)
  A swamp dragon (Lair:6)
  4 lindwurms (Lair:4)
  23 elephants
  3 cyclopes
  Maurice (D:11)
  12 black mambas
  A gargoyle (D:12)
  2 unseen horrors
  11 cane toads
  7 rime drakes
  7 komodo dragons
  A kobold demonologist (D:12)
  A freezing wraith (D:12)
  3 trolls (D:12)
  A polar bear (Lair:4)
  A meliai (Lair:4)
  16 dream sheep
  18 blink frogs
  6 slime creatures (D:12)
  A centaur simulacrum (D:12)
  2 vampires
  7 wyverns
  31 yaks
  3 shadows (D:12)
  6 wraiths
  3 vampire mosquitoes (D:12)
  8 basilisks
  2 steam dragons
  Grum (D:11)
  2 wargs
  17 water moccasins
  6 acid dragons
  A swamp drake (Lair:6)
  2 ice beasts (D:7)
  9 orc warriors
  2 sky beasts
  A black bear (Lair:3)
  7 wolves
  4 ogres
  15 centaurs
  3 lemures (D:6)
  2 phantoms
  2 kobold brigands
  15 bullfrogs
  2 scorpions
  A water moccasin skeleton (D:4)
  A wyvern skeleton (D:7)
  14 killer bees
  5 wights (D:7)
  An electric eel (Lair:3)
  4 howler monkeys
  4 centaur zombies
  A jelly (D:7)
  2 centaur skeletons (D:7)
  A gnoll shaman (D:5)
  7 orc priests
  3 hounds
  5 iguanas
  5 orc wizards
  4 hell rats (Lair:6)
  2 killer bee zombies
  A hound zombie (D:5)
  2 howler monkey zombies
  7 gnolls
  5 adders
  An ufetubus (D:4)
  An adder skeleton (D:4)
  2 worms
  2 dart slugs (D:2)
  52 orcs
  5 bats
  6 endoplasms
  3 giant cockroaches
  9 goblins
  7 hobgoblins
  5 quokkas
  8 ball pythons
  5 frilled lizards
  11 kobolds
  4 rats
510 creatures vanquished.

Vanquished Creatures (others)
  A bush (Lair:6)
  67 fungi
  110 plants
178 creatures vanquished.

Grand Total: 688 creatures vanquished

Table legend:
 A = Non-vault XP
 B = Vault XP
 C = Vault XP percentage of total XP
 D = Non-vault monster count
 E = Vault monster count
 F = Vault count percentage of total count
                 A         B        C        D         E       F
            +---------+---------+-------+---------+---------+-------
      Total |   78049 |   29481 |  27.4 |     392 |     115 |  22.7
            +---------+---------+-------+---------+---------+-------
        D:1 |      24 |       0 |   0.0 |      15 |       0 |   0.0
        D:2 |      70 |       0 |   0.0 |      23 |       0 |   0.0
        D:3 |     106 |      90 |  45.9 |      20 |       5 |  20.0
        D:4 |     428 |       0 |   0.0 |      11 |       0 |   0.0
        D:5 |     495 |       0 |   0.0 |      14 |       0 |   0.0
        D:6 |     711 |       0 |   0.0 |      19 |       0 |   0.0
        D:7 |    2288 |       0 |   0.0 |      24 |       0 |   0.0
        D:8 |    1325 |     835 |  38.7 |      13 |       1 |   7.1
        D:9 |    1608 |     977 |  37.8 |      31 |      20 |  39.2
       D:10 |     860 |     883 |  50.7 |      11 |       1 |   8.3
       D:11 |    3030 |     982 |  24.5 |      14 |       5 |  26.3
       D:12 |    3816 |    9504 |  71.4 |      14 |      25 |  64.1
     Lair:1 |    6938 |       0 |   0.0 |      15 |       0 |   0.0
     Lair:2 |    6743 |       0 |   0.0 |      18 |       0 |   0.0
     Lair:3 |   10359 |    5944 |  36.5 |      24 |      19 |  44.2
     Lair:4 |    8270 |    3922 |  32.2 |      28 |       9 |  24.3
     Lair:5 |   10482 |       0 |   0.0 |      34 |       0 |   0.0
     Lair:6 |   19358 |    3649 |  15.9 |      56 |      13 |  18.8
      Orc:1 |    1135 |    1479 |  56.6 |       7 |       4 |  36.4
      Orc:2 |       3 |    1216 |  99.8 |       1 |      13 |  92.9
            +---------+---------+-------+---------+---------+-------

Illustrated notes

Table legend:
 A = Kills in this place as a percentage of kills in entire the game.
 B = Kills by you in this place as a percentage of kills by you in the entire game.
 C = Kills by friends in this place as a percentage of kills by friends in the entire game.
 D = Other kills in this place as a percentage of other kills in the entire game.
 E = Experience gained in this place as a percentage of experience gained in the entire game.
 F = Experience gained in this place divided by the number of levels of this place that you have seen.
                   A       B       C       D       E      F
               +-------+-------+-------+-------+-------+----------------------
         Total | 100.0 | 100.0 |   N/A | 100.0 | 100.0 | 5120.5
       Dungeon |  52.5 |  52.2 |   N/A | 100.0 |  26.1 | 2336.0
          Lair |  42.6 |  42.9 |   N/A |   0.0 |  70.4 | 12610.8
  Orcish Mines |   4.9 |   5.0 |   N/A |   0.0 |   3.6 | 1916.5
               +-------+-------+-------+-------+-------+----------------------

Table legend: (Time is in decaauts)
 A = Elapsed time spent in this place.
 B = Non-inter-level travel time spent in this place.
 C = Inter-level travel time spent in this place.
 D = Time resting spent in this place.
 E = Time spent auto-exploring this place.
 F = Levels seen in this place.
 G = Mean time per level.
                   A        B        C        D        E       F      G
               +--------+--------+--------+--------+--------+-----+--------+
         Total |  32205 |  30566 |   1639 |  11984 |  13616 |  21 | 1533.6 |
       Dungeon |  16537 |  15752 |    785 |   4804 |   8821 |  12 | 1378.1 |
        Temple |    233 |    224 |      9 |      0 |    203 |   1 |  233.0 |
          Lair |  15098 |  14255 |    843 |   6993 |   4518 |   6 | 2516.3 |
  Orcish Mines |    336 |    336 |      0 |    187 |     72 |   2 |  168.0 |
               +--------+--------+--------+--------+--------+-----+--------+

Top non-repeatable levels by time:
  Lair:6: 2936 daAuts
  Lair:4: 2811 daAuts
  Lair:1: 2644 daAuts
  Lair:3: 2564 daAuts
  Lair:2: 2225 daAuts
  Lair:5: 1916 daAuts
    D:10: 1846 daAuts
    D:11: 1735 daAuts
    D:12: 1687 daAuts
     D:8: 1587 daAuts
     D:7: 1354 daAuts
     D:6: 1352 daAuts
     D:9: 1349 daAuts
     D:5: 1311 daAuts
     D:2: 1225 daAuts
